AoeStats
← [KMNB] Bandeira

African Clearing

506548250Analyzed
4v4 RM · 20d ago on Sep 14, 2026· 34m 30s· 8 players
Game mode
Random Map
Map size
Large (8 player)
Population
200
Speed
Normal
Resources
Standard
Victory
Conquest
Starting age
Dark Age
Ending age
Imperial Age
RankedLock teamsTeams togetherTeam positionsShared explorationLock speedFull tech treeHidden civsTurbo modeCheats
Victory
Defeat
🇺🇸 Hindustanis · United States
1465
+17
🇺🇸 Malians · United States
1433
+18
🇺🇸 Malay · United States
1407
+19
🇱🇹 Mongols · Lithuania
1398
+19
🇧🇷 Huns · Brazil
1575
-22
🇧🇷 Ethiopians · Brazil
1546
-21
🇧🇷 Magyars · Brazil
1540
-21
🇧🇷 Vikings · Brazil
1248
-9
firebat
11:51 Feudal Age
10:09 Loom
12:32 Double-Bit Axe
12:32 Horse Collar
15:22 Scale Barding Armor
15:56 Forging
25:15 Bloodlines
29:51 Castle Age
29:07 Gold Mining
30:57 Chain Barding Armor
30:00 Light Cavalry
30:41 Husbandry
31:53 Town Watch
33:08 Bow Saw
Mis
7:22 Loom
14:00 Feudal Age
14:12 Double-Bit Axe
15:51 Stone Mining
21:03 Castle Age
K-1000
3:27 Loom
14:01 Feudal Age
14:58 Double-Bit Axe
21:19 Castle Age
20:23 Stone Mining
34:33 Fishing Lines
tiesiogsaras
10:52 Feudal Age
10:41 Loom
12:23 Double-Bit Axe
23:45 Castle Age
33:32 Fletching
34:08 Bodkin Arrow
[KMNB] RAGNAR
10:50 Loom
11:05 Loom
13:26 Feudal Age
19:20 Castle Age
18:05 Fletching
18:17 Padded Archer Armor
20:41 Crossbowman
25:50 Bodkin Arrow
27:50 Ballistics
27:58 Town Watch
30:27 Leather Archer Armor
[KMNB] Galodoido
7:37 Loom
11:22 Feudal Age
14:35 Double-Bit Axe
15:18 Fletching
18:53 Padded Archer Armor
25:06 Castle Age
23:17 Gold Mining
25:09 Crossbowman
25:45 Bodkin Arrow
26:43 Bow Saw
Fs.Khronos
4:23 Loom
12:22 Feudal Age
12:50 Double-Bit Axe
15:26 Fletching
27:37 Castle Age
25:37 Gold Mining
25:28 Horse Collar
26:18 Padded Archer Armor
27:37 Wheelbarrow
28:18 Bloodlines
28:46 Bow Saw
[KMNB] Bandeira
6:15 Loom
13:20 Feudal Age
13:56 Double-Bit Axe
22:48 Man-at-Arms
Connection lost

Rejoining the realm…

Still unreachable

The connection could not be restored.

Session expired

The server has moved on; the page needs a fresh start.